 Dungeon Crawl Stone Soup version 0.29.1-1-gd02db6906a (webtiles) character file.

Game seed: 730325641429711537

58 Mindcool24 the Poker (level 3, -4/33 HPs)
             Began as a Minotaur Berserker on Oct 10, 2022.
             Was a Believer of Trog.
             Slain by an ogre
             ... wielding a +0 giant club
              (9 damage)
             ... on level 5 of the Dungeon.
             The game lasted 00:13:10 (2045 turns).

Mindcool24 the Poker (Minotaur Berserker)           Turns: 2045, Time: 00:13:11

Health: -4/33      AC:  5    Str: 23    XL:     3   Next: 75%
Magic:  2/2        EV: 11    Int:  4    God:    Trog [**....]
Gold:   136        SH:  0    Dex:  9    Spells: 2/2 levels left

rFire   . . .      SeeInvis .   k - +4 quarterstaff
rCold   . . .      Faith    .   (shield currently unavailable)
rNeg    . . .      Spirit   .   h - +0 ring mail
rPois   .          Reflect  .   (helmet restricted)
rElec   .          Harm     .   (no cloak)
rCorr   .          Rampage  .   (no gloves)
Will    .....                   (no boots)
Stlth   +.........              (no amulet)
HPRegen 0.11/turn               (no ring)
MPRegen 0.08/turn               (no ring)

@: lethally poisoned (-4 -> -10)
A: horns 2, retaliatory headbutt
a: Renounce Religion, Berserk, Trog's Hand


You were on level 5 of the Dungeon.
You worshipped Trog.
Trog was pleased with you.
You visited 1 branch of the dungeon, and saw 5 of its levels.

You collected 136 gold pieces.

Inventory:

Hand Weapons
 a - a +0 spear
 g - a +0 club
 k - a +4 quarterstaff (weapon)
 m - a +0 whip
Armour
 b - a +0 animal skin
 e - a +0 ring mail
 h - a +0 ring mail (worn)
Jewellery
 f - a ring of protection from fire
Wands
 d - a wand of iceblast (8)
Scrolls
 c - a scroll of fear {unknown}
 i - 2 scrolls of teleportation
Potions
 j - 2 potions of flight {unknown}


   Skills:
 + Level 4.3 Fighting
 + Level 4.7 Polearms
 + Level 2.6 Armour
 + Level 2.6 Dodging
 + Level 0.5 Stealth


You had 2 spell levels left.
You didn't know any spells.
Your spell library was empty.

Dungeon Overview and Level Annotations

Branches:
Dungeon (5/15)
 Temple: D:4-7

Altars:
Yredelemnul


Innate Abilities, Weirdness & Mutations

You have a pair of horns on your head.
You reflexively headbutt those who attack you in melee.


Message History

You hit the adder.
You kill the adder!
Trog accepts your kill.
You see here 5 stones.
You open the door.
There is an open door here.
Found 11 gold pieces.
You now have 131 gold pieces (gained 11).
Found 5 gold pieces.
You now have 136 gold pieces (gained 5).
Found a glowing quarterstaff.
Found a knobbly agate ring.
You see here a +4 quarterstaff.
f - a ring of protection from fire You see here a +4 quarterstaff.
k - a +4 quarterstaff
k - a +4 quarterstaff (weapon)
An adder comes into view.
The adder hisses angrily.
An adder comes into view.
An ogre comes into view. It is wielding a +0 giant club.
The adder hisses angrily.
The ogre shouts!
There is an open door here.
You hit the ogre. You headbutt the ogre.
The ogre is heavily wounded.
The adder barely misses you.
The ogre hits you with a +0 giant club!!
Ouch! That really hurt!
* * * LOW HITPOINT WARNING * * *
The adder bites you.
* * * LOW HITPOINT WARNING * * *
You are lethally poisoned!
The adder poisons you!
You sock the adder!
The adder is heavily wounded.
* * * LOW HITPOINT WARNING * * *
You feel sick. The adder bites you but does no damage.
The ogre hits you with a +0 giant club!
You die...

...# #..# #..# #..# ## ##
#+## #..# #.# #.# #...#
...# #.###.# #..... ##.#
#.#.## #......
.#.#########...####.......
...............O@SS.......
.#.#########...####.......
##.# #....# #...... ##.#
####.# #..... #.#
#........##...# #.#
#.##.###.# #+## ..# # #.#
.## #.# #..


You could see an ogre and 2 adders.

Vanquished Creatures
  An adder (D:5)
  3 orcs (D:4)
  2 bats
  4 endoplasms
  7 giant cockroaches
  5 hobgoblins
  4 jackals (D:2)
  2 quokkas (D:4)
  4 ball pythons
  5 frilled lizards
  3 kobolds
  A rat (D:3)
41 creatures vanquished.

Vanquished Creatures (others)
  3 withered plants (D:1)
3 creatures vanquished.

Grand Total: 44 creatures vanquished

Notes
Turn   | Place    | Note
-------+----------+-------------------------------------------
     0 | D:1      | Mindcool24 the Minotaur Berserker began the quest for the
                  | Orb.
     0 | D:1      | Reached XP level 1. HP: 19/19 MP: 0/0
   437 | D:1      | Found a faded altar of an unknown god.
   479 | D:1      | Reached XP level 2. HP: 26/27 MP: 1/1
   884 | D:2      | Reached ** piety under Trog
  1097 | D:2      | Reached XP level 3. HP: 31/33 MP: 2/2
  1505 | D:3      | Found a basalt altar of Yredelemnul.
  1742 | D:5      | Entered Level 5 of the Dungeon
  2039 | D:5      | Noticed an ogre
  2045 | D:5      | Slain by an ogre

Illustrated notes

Levels and vault maps discovered:
D:1:      dpeg_arrival_ternary, layout_loops_corners,
          ebering_ecumenical_altar_petrified, chequers_big_river, st_stairs_3,
          nicolae_figureground_sparkle
D:2:      layout_basic, minmay_misc_feat_five, minmay_worlds_worst_comb
D:3:      layout_basic, lemuel_doored_altar, st_stairs_13
D:4:      layout_basic, nicolae_kikubaaqudgha_miasma_corner, uniq_pikel
D:5:      layout_loops_corners

Skill      XL: |  1  2 |
---------------+-------+-----
Polearms       | 4 |  4.7
Fighting       | 4 |  4.3
Armour         | |  2.6
Dodging        | |  2.6
Stealth        | |  0.5

Action                   || total
-------------------------++-------
Melee: Spear             ||    98
       Headbutt          ||    21
       Punch             ||     1
       Quarterstaff      ||     2
Invok: Berserk           ||     1
Evoke: Wand              ||     1
  Use: Scroll            ||     2
       Potion            ||     1
Armor: Animal skin       ||     9
       Ring mail         ||    12
Dodge: Dodged            ||    59
